 Dungeon Crawl Stone Soup version 0.29-a0-582-ge82337ba6a (webtiles) character file.

Game seed: 9575511283345332665

8112 vineage the Fighter (level 11, -2/80 HPs)
             Began as a Gargoyle Fighter on June 14, 2022.
             Was a High Priest of Okawaru.
             Slain by a troll (10 damage)
             ... on level 9 of the Dungeon.
             The game lasted 00:15:59 (12448 turns).

vineage the Fighter (Gargoyle Fighter)             Turns: 12448, Time: 00:16:00

Health: -2/80      AC: 18    Str: 19    XL:     11   Next: 25%
Magic:  13/13      EV: 13    Int: 10    God:    Okawaru [*****.]
Gold:   714        SH:  9    Dex: 13    Spells: 10/10 levels left

rFire   + . .      SeeInvis .   g - +2 mace (freeze)
rCold   + . .      Faith    .   l - +3 buckler
rNeg    + . .      Spirit   .   A - +0 steam dragon scales
rPois   ∞          Reflect  .   (no helmet)
rElec   +          Harm     .   (no cloak)
rCorr   +          Rampage  .   w - +0 pair of gloves
Will    .....                   p - +0 pair of boots
Stlth   +++.......              i - amulet of the acrobat
HPRegen 0.23/turn               z - ring of resist corrosion
MPRegen 0.13/turn               (no ring)

@: resistant, heroic, studying Fire Magic
A: sickness immunity, AC +8, negative energy resistance 1, electricity
resistance, torment resistance 1, petrification resistance
a: Renounce Religion, Heroism, Finesse, Duel


You were on level 9 of the Dungeon.
You worshipped Okawaru.
Okawaru was extremely pleased with you.
You visited 2 branches of the dungeon, and saw 11 of its levels.
You also visited: Sewer.

You collected 714 gold pieces.

Inventory:

Hand Weapons
 g - a +2 mace of freezing (weapon)
Armour
 l - a +3 buckler (worn)
 p - a +0 pair of boots (worn)
 w - a +0 pair of gloves (worn)
 A - +0 steam dragon scales (worn)
Jewellery
 i - an amulet of the acrobat (around neck)
 v - an amulet of magic regeneration
 y - an amulet of regeneration
 z - a ring of resist corrosion (left hand)
Wands
 c - a wand of polymorph (10)
 q - a wand of iceblast (14)
 x - a wand of acid (10)
 G - a wand of digging (7)
Scrolls
 a - a scroll of fear
 b - a scroll of teleportation
 e - 5 scrolls of identify
 f - 2 scrolls of enchant armour
 n - a scroll of blinking
 r - a scroll of fog
 s - 2 scrolls of enchant weapon
 t - a scroll of amnesia
 u - 2 scrolls of poison
 B - 2 scrolls of magic mapping
Potions
 d - a potion of curing
 j - 5 potions of flight
 k - a potion of might
 m - a potion of magic
 o - 3 potions of lignification
 C - 2 potions of haste
 D - 2 potions of heal wounds
 E - a potion of cancellation
 F - 2 potions of brilliance


   Skills:
 * Level 14.2(19.2) Fighting
 + Level 9.4(14.4) Maces & Flails
 + Level 5.5(10.5) Armour
 + Level 5.6(10.6) Shields
 + Level 3.2 Invocations


You had 10 spell levels left.
You didn't know any spells.
Your spell library contained the following spells:

 Spells                   Type           Power      Damage    Failure   Level
 Apportation              Tloc           0%         N/A       41%         1
 Slow                     Hex            0%         N/A       41%         1
 Ensorcelled Hibernation  Hex/Ice        0%         N/A       56%         2
 Passwall                 Tmut/Erth      0%         N/A       56%         2
 Confusing Touch          Hex            0%         N/A       80%         3
 Portal Projectile        Hex/Tloc       0%         N/A       80%         3
 Spider Form              Tmut/Pois      0%         N/A       80%         3
 Swiftness                Air            0%         N/A       80%         3
 Vampiric Draining        Necr           0%         2d6       80%         3
 Anguish                  Hex/Necr       0%         N/A       99%         4
 Leda's Liquefaction      Hex/Erth       0%         N/A       99%         4
 Petrify                  Tmut/Erth      0%         N/A       99%         4
 Alistair's Intoxication  Tmut/Pois      0%         N/A       100%        5
 Irradiate                Conj/Tmut      0%         3d13      100%        5
 Borgnjor's Revivificati  Necr           0%         N/A       100%        8
 Necromutation            Tmut/Necr      0%         N/A       100%        8
 Death's Door             Necr           0%         N/A       100%        9
 Sublimation of Blood     Necr           Unusable   N/A       N/A         2
 Call Canine Familiar     Summ           Unusable   N/A       N/A         3

Dungeon Overview and Level Annotations

Branches:
Dungeon (10/15)            Temple (1/1) D:5            Lair (0/6) D:9
  Sewer (visited)
    Orc: D:9-12

Altars:
Ashenzari
Cheibriados
Dithmenos
Fedhas
Hepliaklqana
Kikubaaqudgha
Makhleb
Okawaru
Qazlal
Ru
Sif Muna
Uskayaw
Vehumet
Wu Jian
Xom
Yredelemnul
Zin
The Shining One

Shops:
D:3 (   D:5 *


Innate Abilities, Weirdness & Mutations

You are immune to sickness and miasma.
Your stone body is resilient. (AC +8)
You are immune to poison.
You resist negative energy. (rN+)
You are resistant to electric shocks. (rElec)
You are resistant to unholy torment.
You are immune to petrification.


Message History

The orc attacks as you move away! You block the orc's attack.
The troll attacks as you move away! You block the troll's attack.
The troll completely misses you. The troll closely misses you.
You float gracefully downwards.
The troll attacks as you move away! The troll completely misses you.
You block the troll's attack. The troll completely misses you.
There is a stone staircase leading up here.
Magic restored.
You block the troll's attack. The troll claws you.
* * * LOW HITPOINT WARNING * * *
The troll closely misses you.
The howler monkey hoots and howls with incredible vigour!
You climb upwards.
Reactivating autopickup.
There is a stone staircase leading down here.
You hit the troll but do no damage. The troll bites you but does no damage.
The troll claws you.
* * * LOW HITPOINT WARNING * * *
The troll completely misses you.
You hit the troll. You freeze the troll.
The troll is lightly wounded.
The troll bites you!
* * * LOW HITPOINT WARNING * * *
You block the troll's attack. The troll claws you.
* * * LOW HITPOINT WARNING * * *
You hit the troll. You freeze the troll.
The troll is lightly wounded.
The troll barely misses you. x2; The troll closely misses you.
You feel better. You block the troll's attack. x2
The troll claws you but does no damage.
You completely miss the troll.
The troll is lightly wounded.
You closely miss the troll.
The troll is lightly wounded.
The troll closely misses you. You block the troll's attack.
The troll claws you.
* * * LOW HITPOINT WARNING * * *
You hit the troll but do no damage.
The troll is lightly wounded.
The troll barely misses you. The troll claws you!
You die...

..########..#..........♣♣........
..#......#..#......P..♣........).
..#......#..#........P.P....#....
..#......#..#.....#+#.....###..##
..#......#..#.....#............#
..##.....#..#######............#
...#.....#.....................#
...#.....#.......T.............#
...#.....#......@..............##
...#.....'.......................
...#####.#.......................
.......#.#.....#########.......<.
....♣..###.....# #.########
....♣.†........# #.#
.#.............# ###
.####..........# ## ##.#########


You could see a troll.

Vanquished Creatures
  A two-headed ogre (D:9)
  A gargoyle (D:6)
  2 kobold demonologists (D:10)
  Maggie (D:10)
  Sigmund (D:4)
  3 yaks (D:8)
  7 wyverns
  A basilisk (D:9)
  A steam dragon (D:7)
  An acid dragon (D:9)
  6 water moccasins
  Pargi (D:4)
  6 black bears
  4 centaurs
  2 wolves (D:9)
  A phantom (D:4)
  2 kobold brigands
  4 scorpions
  5 bullfrogs
  2 necrophages
  4 wights
  11 killer bees
  2 howler monkeys (D:10)
  5 hounds
  3 jellies
  4 gnoll shamans
  Jessica (D:2)
  Terence (D:2)
  5 iguanas
  4 orc wizards
  14 gnolls
  11 adders
  3 river rats (Sewer)
  A shadow imp (D:6)
  2 white imps
  2 worms
  A dart slug (D:1)
  25 orcs
  20 ball pythons
  6 endoplasms
  7 giant cockroaches
  10 goblins
  6 hobgoblins
  A jackal (Sewer)
  6 quokkas
  12 bats
  A frilled lizard (D:1)
  10 kobolds
  6 rats
236 creatures vanquished.

Vanquished Creatures (others)
  13 plants
13 creatures vanquished.

Grand Total: 249 creatures vanquished

Notes
Turn   | Place    | Note
-------+----------+-------------------------------------------
     0 | D:1      | vineage the Gargoyle Fighter began the quest for the Orb.
     0 | D:1      | Reached XP level 1. HP: 14/14 MP: 1/1
   402 | D:1      | Reached XP level 2. HP: 20/20 MP: 2/2
   654 | D:1      | Reached skill level 4 in Fighting
   993 | D:2      | Noticed Terence
  1005 | D:2      | Reached XP level 3. HP: 17/24 MP: 3/3
  1012 | D:2      | HP: 1/24 [Terence/+0 flail (2)]
  1013 | D:2      | Killed Terence
  1014 | D:2      | Reached XP level 4. HP: 2/30 MP: 4/4
  1301 | D:2      | Reached skill level 5 in Fighting
  1473 | D:2      | Noticed Jessica
  1476 | D:2      | Killed Jessica
  1477 | D:2      | Reached XP level 5. HP: 35/35 MP: 5/5
  1611 | D:2      | Noticed a floating eye
  1613 | D:2      | Found a faded altar of an unknown god.
  1615 | D:2      | Noticed a floating eye
  1615 | D:2      | Noticed a golden eye
  1615 | D:2      | Noticed an eye of devastation
  2109 | D:3      | Found Akot's Weapon Boutique.
  2200 | D:3      | You fall into a shaft and drop 2 floors!
  2200 | D:5      | Entered Level 5 of the Dungeon
  2217 | D:5      | Reached skill level 6 in Fighting
  2217 | D:5      | Reached XP level 6. HP: 41/41 MP: 6/6
  2308 | D:4      | Noticed Pargi
  2333 | D:4      | Killed Pargi
  2343 | D:4      | Reached skill level 7 in Fighting
  2343 | D:4      | Reached XP level 7. HP: 43/48 MP: 7/7
  2486 | D:3      | Found a glowing drain.
  2536 | Sewer    | Entered a sewer
  4062 | D:4      | Reached skill level 8 in Fighting
  4062 | D:4      | Reached skill level 5 in Maces & Flails
  4258 | D:4      | Noticed Sigmund
  4295 | D:4      | Killed Sigmund
  4296 | D:4      | Reached XP level 8. HP: 38/56 MP: 8/8
  4465 | D:4      | Reached skill level 9 in Fighting
  5289 | D:5      | Found Inaown's General Store.
  5591 | D:5      | Found a staircase to the Ecumenical Temple.
  5646 | Temple   | Entered the Ecumenical Temple
  5709 | Temple   | Became a worshipper of Warmaster Okawaru
  6168 | D:6      | Reached skill level 10 in Fighting
  6363 | D:6      | Noticed a gargoyle
  6378 | D:6      | Killed a gargoyle
  6378 | D:6      | Reached * piety under Okawaru
  6379 | D:6      | Reached XP level 9. HP: 39/63 MP: 9/9
  6575 | D:6      | Found a hide-covered altar of Uskayaw.
  6575 | D:6      | Found a blossoming altar of Fedhas.
  6601 | D:6      | Reached skill level 11 in Fighting
  7148 | D:6      | Reached ** piety under Okawaru
  7692 | D:7      | Found a snail-covered altar of Cheibriados.
  7830 | D:7      | Reached skill level 12 in Fighting
  8097 | D:7      | Reached XP level 10. HP: 72/72 MP: 10/10
  8110 | D:7      | Reached *** piety under Okawaru
  8717 | D:8      | Reached skill level 13 in Fighting
  9958 | D:9      | Reached **** piety under Okawaru
 10031 | D:9      | Found a staircase to the Lair.
 10069 | D:9      | Noticed a two-headed ogre
 10087 | D:9      | Killed a two-headed ogre
 10088 | D:9      | Reached skill level 1 in Invocations
 10464 | D:9      | Reached ***** piety under Okawaru
 10465 | D:9      | Reached skill level 5 in Armour
 10465 | D:9      | Reached skill level 5 in Shields
 10590 | D:9      | Reached XP level 11. HP: 33/79 MP: 7/12
 11004 | D:9      | Reached skill level 14 in Fighting
 11638 | D:10     | Entered Level 10 of the Dungeon
 11672 | D:10     | Noticed a soul eater
 12389 | D:10     | Noticed a two-headed ogre
 12391 | D:10     | Noticed Maggie
 12430 | D:10     | Killed Maggie
 12448 | D:9      | Slain by a troll

Illustrated notes

Levels and vault maps discovered:
D:1:      lemuel_arrival_rhombus, layout_loops_ring, grunt_decor_fettered
D:2:      layout_basic, hellmonk_ecumenical_altar_watching_god,
          serial_bayou_pond_b, kennysheep_jessica_study, uniq_terence
D:3:      layout_loops_cross, gup_sewer_entry_glass, serial_shops,
          nicolae_shop_trees
D:4:      minmay_chambers_of_twos, layout_loops_ring, minmay_manual_mullet,
          uniq_sigmund, uniq_pargi
D:5:      layout_basic, minmay_temple_entry_junction, serial_shops,
          nicolae_shop_statue_plus, minmay_misc_feat_nine_boxes,
          grunt_decor_one_mirror
D:6:      layout_basic, jmf_multi_god_temple
D:7:      layout_basic, mainiacjoe_overflow_alcove_4, kennysheep_generic_room_6
D:8:      layout_basic
D:9:      layout_irregular_city, minmay_lair_entry_grove, minmay_holes,
          st_stairs_10, minivault_1, chequers_mini_garden
D:10:     layout_rooms, lemuel_round_altar, chequers_temple_overflow_minitemple,
          uniq_urug, uniq_maggie
Temple:   minmay_freezing_vapour_temple

Skill      XL: |  1  2  3  4  5  6  7  8  9 10 11 |
---------------+----------------------------------+-----
Fighting       | 4 5 6 7 8 10 12 13 14 | 14.2
Maces & Flails | 3 4 5 6 8 9 |  9.4
Armour         | 5 |  5.5
Shields        | 5 |  5.6
Invocations    | 2 3 |  3.2

Action                   |  1- 3 |  4- 6 |  7- 9 | 10-12 || total
-------------------------+-------+-------+-------+-------++-------
Melee: Flail             |    93 |    82 |       |       ||   175
       Mace              |       |    53 |   584 |   456 ||  1093
Invok: Heroism           |       |       |       |     9 ||     9
  Use: Potion            |     1 |     2 |     3 |     6 ||    12
       Scroll            |       |     7 |     9 |     6 ||    22
 Stab: Sleeping          |       |       |     1 |       ||     1
Armor: Scale mail        |    73 |   106 |   347 |       ||   526
       Steam dragon scal |       |       |    50 |   286 ||   336
Dodge: Dodged            |    62 |    60 |   289 |   336 ||   747
Block: Buckler           |    18 |    42 |   276 |   278 ||   614

Table legend: (Time is in decaauts)
 A = Elapsed time spent in this place.
 B = Non-inter-level travel time spent in this place.
 C = Inter-level travel time spent in this place.
 D = Time resting spent in this place.
 E = Time spent auto-exploring this place.
 F = Levels seen in this place.
 G = Mean time per level.
                   A        B        C        D        E       F      G
               +--------+--------+--------+--------+--------+-----+--------+
         Total |  12828 |  12080 |    748 |   2357 |   7140 |  12 | 1069.0 |
       Dungeon |  11440 |  10705 |    735 |   2014 |   6536 |  10 | 1144.0 |
        Temple |     68 |     55 |     13 |      0 |     54 |   1 |   68.0 |
         Sewer |   1319 |   1319 |      0 |    343 |    550 |   1 | 1319.0 |
               +--------+--------+--------+--------+--------+-----+--------+

Top non-repeatable levels by time:
     D:9: 1539 daAuts
     D:8: 1481 daAuts
     D:4: 1357 daAuts
   Sewer: 1319 daAuts
     D:6: 1263 daAuts
     D:7: 1187 daAuts
     D:5: 1105 daAuts
     D:1: 1008 daAuts
     D:2: 930 daAuts
    D:10: 784 daAuts
     D:3: 782 daAuts
  Temple: 68 daAuts
